 Dungeon Crawl Stone Soup version 0.22-a0-322-g60b3cfd (webtiles) character file.

37 Kairos the Charmwright (level 3, 28/28 HPs)
             Began as a Barachi Skald on Apr 4, 2018.
             Got out of the dungeon alive.
             The game lasted 00:01:17 (828 turns).

Kairos the Charmwright (Barachi Skald)               Turns: 828, Time: 00:01:17

Health: 28/28      AC:  4    Str: 12    XL:     3   Next: 41%
Magic:  6/6        EV: 12    Int: 13    God:
Gold:   35         SH:  0    Dex: 12    Spells: 5/6 levels left

rFire    . . .     SeeInvis .   a - +0 falchion
rCold    . . .     Gourm    .   (no shield)
rNeg     . . .     Faith    .   b - +0 leather armour
rPois    .         Spirit   .   e - +0 helmet (curse)
rElec    .         Reflect  .   (no cloak)
rCorr    .         Harm     .   (no gloves)
MR       .....                  (no boots)
Stlth    +.........             (no amulet)
HPRegen  0.09/turn              (no ring)
MPRegen  0.10/turn              (no ring)

@: slow
A: +LOS, swims, slowness 1, strong legs 1
a: Hop


You escaped.
You were not hungry.

You visited 1 branch of the dungeon, and saw 1 of its levels.

You collected 35 gold pieces.

Inventory:

Hand Weapons
 a - a +0 falchion (weapon)
Armour
 b - a +0 leather armour (worn)
 e - a cursed +0 helmet (worn)
Scrolls
 f - a scroll of magic mapping {unknown}
 h - a scroll of remove curse {unknown}
Potions
 c - a potion of curing {unknown}
 g - 2 potions of flight {unknown}
 i - a potion of heal wounds {unknown}
Comestibles
 d - 2 rations


   Skills:
 + Level 2.7 Fighting
 + Level 2.9 Long Blades
 + Level 1.5 Armour
 + Level 3.0 Dodging
 + Level 2.2 Spellcasting
 + Level 3.7 Charms


You had 5 spell levels left.
You knew the following spells:

 Your Spells              Type           Power        Failure   Level  Hunger
a - Infusion              Chrm           ##..         7%          1    ##.....


Dungeon Overview and Level Annotations

Branches:
Dungeon (1/15)

Altars:


Innate Abilities, Weirdness & Mutations

Shadows flee at your approach. (+LOS)
You can swim through water.
You cover ground slowly.
You can hop short distances.


Message History

You hit the goblin.
You kill the goblin!
No target in view!
No target in view!
No target in view!
No target in view!
No target in view!
No target in view!
No target in view!
No target in view!
d - 2 rations (gained 1) Done exploring.
Done exploring.
You see here a dagger.
You see here 21 stones.
There is an open door here.
You see here a dagger.
There is a staircase leading out of the dungeon here.
Are you sure you want to leave the Dungeon?
This will make you lose the game!
You have escaped!

#.# ##.#.#.###
############..#.#..##
#§≈≈§§§§§##..........
#§§§§≈≈§§§≈#.......#..
#§§#§§§≈#§≈#..........
#§≈§§≈§§≈≈§#..........
#§§ ≈≈§§§§§#........##
############.......##
#....@...)'()......##
############........#
#≈§ §§§§§≈≈#........##
#§§≈§≈§§§≈§####.###...
#≈§#§§§≈#§≈# #...#####
#≈≈≈§§§§≈≈§# #...### #
#≈≈§≈§§≈§## #.....##
##################..#
#...........#######.##


There were no monsters in sight!

Vanquished Creatures
  2 oozes (D:1)
  3 dart slugs (D:1)
  3 bats (D:1)
  3 giant cockroaches (D:1)
  A hobgoblin (D:1)
  2 jackals (D:1)
  A ball python (D:1)
  5 goblins (D:1)
  2 kobolds (D:1)
  A rat (D:1)
23 creatures vanquished.

Notes
Turn   | Place    | Note
-------+----------+-------------------------------------------
     0 | D:1      | Kairos the Barachi Skald began the quest for the Orb.
     0 | D:1      | Reached XP level 1. HP: 17/17 MP: 3/3
    63 | D:1      | Reached XP level 2. HP: 19/23 MP: 5/5
   424 | D:1      | Reached XP level 3. HP: 20/28 MP: 6/6
   828 | D:$      | Got out of the dungeon alive.

Vault maps used:
D:1:      saegor_arrival_miasma

Skill      XL: |  1  2 |
---------------+-------+-----
Dodging        | 3 |  3.0
Fighting       | |  2.7
Long Blades    | |  2.9
Armour         | |  1.5
Spellcasting   | |  2.2
Charms         | |  3.7

Action                   || total
-------------------------++-------
Melee: Falchion          ||    82
Armor: Leather armour    ||    34
Dodge: Dodged            ||    82
       Rpst.: Falchion   ||    19

Table legend:
 A = Spawn XP
 B = Non-spawn XP
 C = Spawn XP percentage of total XP
 D = Spawn monster count
 E = Non-spawn monster count
 F = Spawn count percentage of total count
 G = Total turns spent on level
                    A         B        C        D         E        F      G
               +---------+---------+-------+---------+---------+-------+---------
         Total |       0 |      54 |   0.0 |       0 |      23 |   0.0 |   828
               +---------+---------+-------+---------+---------+-------+---------
           D:1 |       0 |      54 |   0.0 |       0 |      23 |   0.0 |   828
               +---------+---------+-------+---------+---------+-------+---------
